 Dungeon Crawl Stone Soup version 0.23-a0-480-g1869896 (webtiles) character file.

1897 theanonym the Skirmisher (level 8, -2/67 HPs)
             Began as a Mummy Warper on Nov 28, 2018.
             Was a Believer of Okawaru.
             Slain by an orc warrior
             ... wielding a +0 war axe
              (12 damage)
             ... on level 4 of the Dungeon.
             The game lasted 00:18:00 (10537 turns).

theanonym the Skirmisher (Mummy Warper)            Turns: 10537, Time: 00:18:01

Health: -2/67      AC: 13    Str: 17      XL:     8   Next: 93%
Magic:  11/12      EV:  7    Int: 12      God:    Okawaru [**....]
Gold:   355        SH:  0    Dex:  9 (11) Spells: 12/12 levels left

rFire    . . .     SeeInvis .   b - +0 hand crossbow
rCold    + + .     Gourm    .   (no shield)
rNeg     + + +     Faith    .   c - +0 plate armour
rPois    ∞         Spirit   .   (no helmet)
rElec    .         Reflect  .   p - scarf {rC+ rF+}
rCorr    .         Harm     .   q - +0 pair of gloves
MR       +....                  (no boots)
Stlth    ..........             (no amulet)
HPRegen  0.21/turn              (no ring)
MPRegen  0.13/turn              (no ring)

@: heroism
A: no food or potions, fire vulnerability, cold resistance 1, negative energy
resistance 3, torment resistance, unbreathing
a: Heroism, Renounce Religion


Innate Abilities, Weirdness & Mutations

You do not eat or drink.
Your flesh is vulnerable to fire.
You are immune to poison.
Your flesh is cold resistant. (rC+)
You are immune to negative energy. (rN+++)
You are immune to unholy pain and torment.
You can survive without breathing.


   Skills:
 + Level 7.0(12.0) Fighting
 - Level 3.6(8.6) Maces & Flails
 * Level 6.6(11.6) Crossbows
 - Level 0.7(5.7) Throwing
 - Level 0.7(5.7) Armour
 - Level 1.5(6.5) Dodging
 - Level 2.6 Spellcasting
   Level 2.4 Translocations
 - Level 2.0 Invocations


You had 12 spell levels left.
You didn't know any spells.
Your spell library contained the following spells:

 Spells                   Type           Power        Failure   Level  Hunger
 Blink                    Tloc           N/A          99%         2    N/A
 Shroud of Golubria       Chrm/Tloc      #.........   100%        2    N/A
 Gell's Gravitas          Tloc           #.........   100%        3    N/A
 Lesser Beckoning         Tloc           #.........   100%        3    N/A
 Teleport Other           Tloc           #.......     100%        3    N/A
 Passage of Golubria      Tloc           N/A          100%        4    N/A

Skill      XL: |  1  2  3  4  5  6  7  8 |
---------------+-------------------------+-----
Maces & Flails | 2 3 |  3.6
Fighting       | 3 4 5 7 |  7.0
Crossbows      | 1 3 4 6 |  6.6
Invocations    | 2 |  2.0
Throwing       | |  0.7
Armour         | |  0.7
Dodging        | |  1.5
Spellcasting   | |  2.6
Translocations | |  2.4

Action                   |  1- 3 |  4- 6 |  7- 9 || total
-------------------------+-------+-------+-------++-------
Melee: Mace              |    35 |       |       ||    35
       Dagger            |    61 |   111 |       ||   172
       Morningstar       |       |   209 |   324 ||   533
       Punch             |       |       |     1 ||     1
 Fire: Hand crossbow     |       |       |    73 ||    73
Throw: Tomahawk          |       |     4 |     4 ||     8
Invok: Heroism           |       |       |     4 ||     4
Evoke: Wand              |       |       |     8 ||     8
  Use: Scroll            |       |     9 |     6 ||    15
 Stab: Sleeping          |     1 |       |       ||     1
Armor: Leather armour    |    22 |    52 |       ||    74
       Scale mail        |       |   158 |    32 ||   190
       Chain mail        |       |       |    21 ||    21
       Plate armour      |       |       |   379 ||   379
Dodge: Dodged            |    69 |   261 |   183 ||   513

Inventory:

Hand Weapons
 a - a +0 morningstar
   (You found it on level 3 of the Dungeon)
 b - a +0 hand crossbow (weapon)
   (You found it on level 3 of the Dungeon)
Missiles
 e - 42 bolts (quivered)
 l - 93 arrows
 m - 2 tomahawks
Armour
 c - a +0 plate armour (worn)
   (You found it on level 5 of the Dungeon)
 o - a +0 chain mail
   (You took it off an orc on level 4 of the Dungeon)
 p - a scarf of resistance (worn)
   (You found it on level 5 of the Dungeon)
 q - a +0 pair of gloves (worn)
   (You bought it in a shop on level 5 of the Dungeon)
Magical Staves
 k - an uncursed staff of power {unknown}
   (You found it on level 5 of the Dungeon)
Jewellery
 j - an uncursed amulet of harm {unknown}
   (You found it on level 5 of the Dungeon)
Wands
 f - a wand of iceblast (1)
   (You found it on level 5 of the Dungeon)
Scrolls
 g - a scroll of amnesia
 n - 4 scrolls of remove curse
 t - 2 scrolls of teleportation {!r}
 y - 4 scrolls of magic mapping
 B - 3 scrolls of blinking


You were on level 4 of the Dungeon.
You worshipped Okawaru.
Okawaru was pleased with you.
You were not hungry.

You visited 1 branch of the dungeon, and saw 7 of its levels.
You also visited: Sewer.

You collected 400 gold pieces.
You spent 45 gold pieces at shops.

Dungeon Overview and Level Annotations

Branches:
Dungeon (7/15)             Temple (0/1) D:5

Altars:
Kikubaaqudgha
Okawaru
Ru

Shops:
D:5 *

Annotations:
D:5 Pikel

#.......#.#......######...# #...
#.......#.#.........###...# ####
#.......#.#..............##### #
#......[#.#..................####
#.......#.#......................
#.......#........................
#.......###......................
#................................
##+##'####(.(..o@................
#.......#.##.###............####
####.#..#.##.###........##### #
#.#..#.##.......###### #
#.#....########.# # #.###### #.#
# #.# #########.# #.# #.........#
#.# #.#########


You could see an orc warrior.

Notes
Turn   | Place    | Note
-------+----------+-------------------------------------------
     0 | D:1      | theanonym the Mummy Warper began the quest for the Orb.
     0 | D:1      | Reached XP level 1. HP: 16/16 MP: 4/4
    66 | D:1      | HP: 8/16 [dart slug/slug dart (3)]
   320 | D:1      | HP: 8/16 [hobgoblin/+0 club (4)]
   322 | D:1      | Reached skill level 2 in Maces & Flails
   524 | D:1      | Reached XP level 2. HP: 14/22 MP: 5/5
   525 | D:1      | HP: 11/22 [kobold (2)]
   528 | D:1      | HP: 5/22 [kobold (2)]
  1231 | D:1      | Reached XP level 3. HP: 16/28 MP: 7/7
  1632 | D:2      | HP: 12/28 [gnoll (4)]
  1634 | D:2      | Reached skill level 3 in Fighting
  1855 | D:2      | Reached skill level 3 in Maces & Flails
  1855 | D:2      | Reached XP level 4. HP: 22/35 MP: 8/8
  2107 | D:2      | Noticed Jessica
  2180 | D:2      | Killed Jessica
  2427 | D:2      | Reached XP level 5. HP: 35/42 MP: 9/9
  2596 | D:3      | HP: 17/42 [orc priest/divine providence (10)]
  2789 | D:2      | HP: 17/42 [orc/+0 club (5)]
  2790 | D:2      | Reached skill level 4 in Fighting
  2794 | D:2      | HP: 18/42 [orc/+0 club (4)]
  3186 | D:3      | HP: 20/42 [orc wizard/puff of flame (15)]
  3192 | D:3      | HP: 10/42 [orc/+0 trident (2)]
  3645 | D:3      | Found an iron altar of Okawaru.
  3656 | D:3      | Became a worshipper of Warmaster Okawaru
  3828 | D:3      | HP: 19/42 [orc priest/divine providence (12)]
  4282 | D:4      | Reached skill level 1 in Crossbows
  4319 | D:4      | Found a glowing drain.
  4351 | Sewer    | Entered a sewer
  4583 | Sewer    | Reached XP level 6. HP: 28/49 MP: 10/10
  4785 | Sewer    | Found a burning altar of Makhleb.
  4808 | Sewer    | Noticed Grinder
  4809 | Sewer    | HP: 16/49 [ooze/exploding inner flame[the player character]
                  | (28)]
  4809 | Sewer    | Reached skill level 2 in Crossbows
  4820 | Sewer    | HP: 15/49 [big kobold zombie (3)]
  4851 | Sewer    | HP: 17/49 [ufetubus (3)]
  4856 | Sewer    | HP: 12/49 [quasit (3)]
  4862 | Sewer    | HP: 11/49 [quasit (1)]
  4873 | D:4      | HP: 11/49 [quasit (1)]
  4879 | D:4      | HP: 9/49 [quasit (1)]
  4882 | D:4      | HP: 4/49 [quasit (2)]
  5374 | D:4      | Noticed Ijyb
  5385 | D:4      | Killed Ijyb
  5407 | D:4      | Reached skill level 5 in Fighting
  5407 | D:4      | Reached skill level 3 in Crossbows
  5417 | D:4      | Reached XP level 7. HP: 40/56 MP: 11/11
  5440 | D:4      | Reached * piety under Okawaru
  5483 | D:4      | HP: 27/56 [ice beast (2)]
  5488 | D:4      | HP: 27/56 [ice beast (1)]
  5490 | D:4      | HP: 13/56 [ice beast (2)]
  5694 | D:4      | Reached skill level 4 in Crossbows
  5912 | D:4      | Found an ancient bone altar of Kikubaaqudgha.
  6120 | D:4      | Found a sacrificial altar of Ru.
  6150 | D:5      | Entered Level 5 of the Dungeon
  6201 | D:5      | Found a transporter.
  6306 | D:5      | Found a transporter.
  6965 | D:5      | Found a staircase to the Ecumenical Temple.
  7078 | D:5      | Reached XP level 8. HP: 49/64 MP: 12/12
  7172 | D:5      | Found Cawnorgh's General Store.
  7185 | D:5      | Bought a +0 pair of gloves for 45 gold pieces
  7613 | D:5      | Reached skill level 6 in Fighting
  7613 | D:5      | Reached skill level 5 in Crossbows
  7680 | D:6      | Reached ** piety under Okawaru
  7683 | D:6      | HP: 32/64 [jelly (2)]
  7683 | D:6      | HP: 14/64 [acid (8)]
  7688 | D:6      | HP: 7/64 [quasit (2)]
  8093 | D:5      | HP: 32/65 [gnoll/+4 spear of flaming (8)]
  8100 | D:5      | HP: 22/65 [gnoll/+4 spear of flaming (2)]
  8108 | D:5      | HP: 14/65 [gnoll/+4 spear of flaming (8)]
  8527 | D:6      | Noticed Pikel
  8559 | D:6      | Reached skill level 1 in Invocations
  8564 | D:6      | HP: 18/65 [Pikel/+0 whip of electrocution (20)]
  8871 | D:5      | HP: 32/65 [gnoll/+0 halberd (13)]
  9112 | D:6      | HP: 29/65 [slave[Pikel] (7)]
  9122 | D:6      | HP: 23/65 [orc warrior/+0 war axe (8)]
  9331 | D:6      | Reached skill level 6 in Crossbows
  9571 | D:7      | Reached skill level 2 in Invocations
  9610 | D:7      | HP: 32/65 [orc wizard/magic dart (5)]
  9831 | D:7      | Reached skill level 7 in Fighting
 10031 | D:7      | HP: 24/67 [orc warrior/+0 battleaxe (12)]
 10042 | D:7      | HP: 17/67 [adder (4)]
 10047 | D:7      | HP: 15/67 [adder (4)]
 10053 | D:7      | HP: 10/67 [adder (4)]
 10081 | D:6      | HP: 10/67 [orc/+0 hand axe (1)]
 10096 | D:5      | HP: 12/67 [orc/+0 hand axe (2)]
 10506 | D:6      | HP: 33/67 [Pikel/+0 whip of electrocution (14)]
 10506 | D:6      | HP: 16/67 [orc warrior/+0 war axe (17)]
 10530 | D:4      | HP: 9/67 [orc warrior/+0 war axe (13)]
 10537 | D:4      | Slain by an orc warrior

Vanquished Creatures
  3 ice beasts
  A sky beast (D:6)
  A slave (D:5)
  A black bear (D:7)
  An ogre (D:4)
  A big kobold (D:5)
  A bullfrog (D:6)
  2 scorpions
  A howler monkey (D:7)
  A crimson imp (D:5)
  2 bullfrog skeletons
  3 quasits
  A hound (D:2)
  A jelly (D:6)
  6 orc wizards
  5 orc priests
  Jessica (D:2)
  An iguana (D:7)
  Ijyb (D:4)
  3 worker ants
  2 big kobold zombies (Sewer)
  A hound zombie (D:7)
  A howler monkey zombie (D:6)
  7 gnolls
  A river rat (D:4)
  6 adders
  3 shadow imps
  4 ufetubi (Sewer)
  2 oozes
  An adder skeleton (D:6)
  An adder zombie (Sewer)
  4 dart slugs
  2 leopard geckos
  21 orcs
  4 bats
  A bat zombie (D:4)
  7 giant cockroaches
  4 goblins
  6 hobgoblins
  16 kobolds
  3 quokkas
  2 ball pythons
  A ball python skeleton (D:4)
  7 frilled lizards
  A giant cockroach zombie (Sewer)
  A jackal skeleton (D:6)
  A kobold zombie (Sewer)
  2 leopard gecko skeletons
  8 rats
157 creatures vanquished.

Vanquished Creatures (others)
  An ooze (Sewer)
1 creature vanquished.

Grand Total: 158 creatures vanquished

Table legend:
 A = Turns spent in this place as a percentage of turns spent in the entire game.
 B = Non-inter-level travel turns spent in this place as a percentage of non-inter-level travel turns spent in the entire game.
 C = Inter-level travel turns spent in this place as a percentage of turns spent in this place.
 D = Turns resting spent in this place as a percentage of non-inter-level travel turns spent in this place.
 E = Turns spent auto-exploring this place as a percentage of non-inter-level travel turns spent in this place.
 F = Non-inter-level travel turns spent in this place divided by the number of levels of this place that you've seen.
                   A       B       C       D       E      F
               +-------+-------+-------+-------+-------+----------------------
         Total | 100.0 | 100.0 |   7.4 |  54.6 |  26.8 | 1220.1
       Dungeon |  95.1 |  94.8 |   7.7 |  54.2 |  27.6 | 1321.3
         Sewer |   4.9 |   5.2 |   0.0 |  60.7 |  12.9 | 512.0
               +-------+-------+-------+-------+-------+----------------------
